 Dungeon Crawl Stone Soup version 0.25.1-2-g60ff931df9 (webtiles) character file.

Game seed: 17416333768360004190

1468 Descartes the Covert (level 8, -2/50 HPs)
             Began as an Octopode Warper on Aug 7, 2020.
             Slain by a thrashing horror (5 damage)
             ... on level 2 of the Abyss.
             The game lasted 00:16:49 (7174 turns).

Descartes the Covert (Octopode Warper)              Turns: 7174, Time: 00:16:50

Health: -2/50      AC:  5    Str: 12    XL:     8   Next: 77%
Magic:  11/11      EV: 17    Int: 15    God:
Gold:   111        SH:  0    Dex: 20    Spells: 4/11 levels left

rFire    . . .     SeeInvis .   q - +0 dagger (venom)
rCold    . . .     Gourm    .   (no shield)
rNeg     . . .     Faith    .   (helmet restricted)
rPois    .         Spirit   .   H - amulet of regeneration
rElec    .         Reflect  .   I - +6 ring of dexterity
rCorr    .         Harm     .   (no ring)
MR       .....                  (no ring)
Stlth    ++++++....             (no ring)
HPRegen  0.56/turn              (no ring)
MPRegen  0.12/turn              (no ring)
                                (no ring)
                                (no ring)

@: very slightly contaminated, hasted, very quick
A: almost no armour, stealthy swim, amphibious, 8 rings, constrict 8, tentacle
spike 1, molten scales 1, slimy green scales 1, camouflage 1, agile 1,
gelatinous body 1
a: no special abilities


You were on level 2 of the Abyss.
You were hungry.

You visited 2 branches of the dungeon, and saw 7 of its levels.
You visited the Abyss 1 time.
You also visited: Sewer.

You collected 241 gold pieces.
You spent 130 gold pieces at shops.

Inventory:

Hand Weapons
 e - a +0 hunting sling
 q - a +0 dagger of venom (weapon)
 w - a +0 shortbow
 B - the +0 quarterstaff "Octopus's Foe" {flame, MR++ Dex+4}
   (You found it in a sewer)

   It has been specially enchanted to burn those struck by it, causing extra
   injury to most foes and up to half again as much damage against particularly
   susceptible opponents.
   It affects your dexterity (+4).
   It affects your resistance to hostile enchantments.
Missiles
 d - 5 boomerangs of dispersal (quivered)
 i - 24 bolts
 l - 40 sling bullets
 m - 141 stones
 n - 130 arrows
 F - 33 poisoned darts
Magical Staves
 r - an uncursed staff of wizardry {unknown}
Jewellery
 H - an amulet of regeneration (around mantle)
 I - a +6 ring of dexterity (left tentacle)
Wands
 C - a wand of flame (18)
 D - a wand of random effects (7)
Scrolls
 a - 2 scrolls of teleportation {unknown}
 b - 2 scrolls of enchant armour
 c - 4 scrolls of blinking
 j - 2 scrolls of remove curse
 x - a scroll of immolation {unknown}
 y - a scroll of magic mapping
 z - 2 scrolls of fear {unknown}
 E - 3 scrolls of identify
 J - a scroll of amnesia {unknown}
 K - a scroll of random uselessness {unknown}
Potions
 g - a potion of resistance {unknown}
 h - 3 potions of flight
 k - 3 potions of curing
 o - 2 potions of mutation
 p - a potion of degeneration {unknown}
 s - 3 potions of haste
 t - 2 potions of lignification
 v - a potion of might
 A - 2 potions of magic {unknown}
 G - a potion of cancellation {unknown}
Comestibles
 f - 12 rations


   Skills:
 - Level 2.0 Fighting
 + Level 5.6 Short Blades
 - Level 1.0 Throwing
 + Level 5.8 Dodging
 + Level 10.3 Stealth
 - Level 2.0 Spellcasting
 - Level 3.0 Translocations


You had 4 spell levels left.
You knew the following spells:

 Your Spells              Type           Power        Failure   Level  Hunger
a - Blink                 Tloc           N/A          10%         2    ###....
b - Shroud of Golubria    Chrm/Tloc      #.....       19%         2    ###....
c - Teleport Other        Tloc           ##......     19%         3    ###....

Your spell library contained the following spells:

 Spells                   Type           Power        Failure   Level  Hunger
 Gell's Gravitas          Tloc           ##........   19%         3    ###....
 Lesser Beckoning         Tloc           ##........   19%         3    ###....
 Passage of Golubria      Tloc           N/A          54%         4    #####..


Dungeon Overview and Level Annotations

Branches:
Dungeon (6/15)             Temple (1/1) D:5           Sewer (visited)

Altars:
Ashenzari
Cheibriados
Dithmenos
Elyvilon
Fedhas
Hepliaklqana
Kikubaaqudgha
Makhleb
Nemelex Xobeh
Okawaru
Qazlal
Ru
Sif Muna
Trog
Uskayaw
Vehumet
Wu Jian
Xom
Yredelemnul
Zin

Shops:
D:4 %!


Innate Abilities, Weirdness & Mutations

You cannot wear most types of armour.
You are very stealthy in the water. (Stealth+)
You are amphibious.
You can wear up to eight rings at the same time.
You can use your tentacles to constrict eight enemies at once.
Your skin changes colour to match your surroundings (Stealth+).
Your rubbery body absorbs attacks. (AC +1, EV +1)
One of your tentacles bears a spike.
You are partially covered in molten scales. (AC +2)
You are partially covered in slimy green scales. (AC +2)
You are agile. (Dex +2)


Message History

The thrashing horror tramples you!
You stumble backwards!
The thrashing horror tramples you.
You hold your ground!
The thrashing horror tramples you.
* * * LOW HITPOINT WARNING * * *
You hold your ground!
The thrashing horror tramples you!
* * * LOW HITPOINT WARNING * * *
You hold your ground!
The thrashing horror misses you.
Okay, then.
Blink to where?
Press: ? - help, Dir - move target cursor You are very lightly contaminated with residual magic.
As you read the scroll of blinking, it crumbles to dust.
Found 7 gold pieces.
As you read the scroll of identify, it crumbles to dust.
s - 4 potions of haste You feel yourself speed up.
The thrashing horror tramples you.
* * * LOW HITPOINT WARNING * * *
You hold your ground!
The thrashing horror tramples you.
You die...

#....#.x##
#..#...# .§ ≈
#..#..# #. ≈≈≈≈
#...§.#
≈≈≈≈..##....#.#$.
≈≈♣≈≈≈.........#
##≈≈≈ ##.# .#
#§≈≈≈.##X#...#
#.@....##
#≈≈≈..#.###...#
≈≈≈≈# ### ##.#
.≈≈ #.# ≈ ##


You could see a thrashing horror.

Vanquished Creatures
  Purgy (Sewer)
  3 ogres
  3 centaurs
  2 big kobolds (D:4)
  Blork the orc (D:6)
  The ghost of Revguard the Cutter, a weakling DsGl (D:4)
  A howler monkey (D:6)
  A vampire bat (D:2)
  2 orc priests (D:4)
  2 bullfrog skeletons (D:4)
  A centaur skeleton (D:6)
  A hound (D:5)
  3 orc wizards
  Jessica (D:2)
  A worker ant (D:5)
  A hound zombie (D:6)
  A hound skeleton (D:6)
  Robin (D:2)
  A worker ant zombie (D:5)
  8 adders
  2 oozes
  An adder skeleton (D:5)
  A worm (D:2)
  A dart slug (D:1)
  A leopard gecko (D:3)
  17 orcs
  2 bat skeletons (D:2)
  2 bat zombies (D:2)
  3 giant cockroaches
  17 goblins
  12 hobgoblins
  2 jackals (D:4)
  11 kobolds
  4 quokkas
  4 ball pythons
  5 bats
  10 frilled lizards
  8 rats
139 creatures vanquished.

Vanquished Creatures (others)
  2 fungi (D:4)
  2 plants (D:4)
4 creatures vanquished.

Grand Total: 143 creatures vanquished

Notes
Turn   | Place    | Note
-------+----------+-------------------------------------------
     0 | D:1      | Descartes the Octopode Warper began the quest for the Orb.
     0 | D:1      | Reached XP level 1. HP: 14/14 MP: 3/3
    33 | D:1      | Reached skill level 1 in Stealth
   258 | D:1      | Reached skill level 2 in Stealth
   270 | D:1      | Reached XP level 2. HP: 19/19 MP: 5/5
   408 | D:1      | Reached skill level 3 in Stealth
   801 | D:1      | Reached XP level 3. HP: 20/24 MP: 6/6
   967 | D:2      | Noticed Jessica
   972 | D:2      | Killed Jessica
   972 | D:2      | Reached skill level 4 in Stealth
  1015 | D:2      | Found a glowing silver altar of Zin.
  1063 | D:2      | Reached skill level 5 in Stealth
  1063 | D:2      | Reached XP level 4. HP: 19/29 MP: 7/7
  1412 | D:2      | Found a shimmering blue altar of Sif Muna.
  1418 | D:2      | Identified the +2 helmet "Waal" {rF+ MP+9 Str+5 Int-2}
  1418 | D:2      | Noticed Robin
  1723 | D:2      | Killed Robin
  1723 | D:2      | Reached skill level 6 in Stealth
  2112 | D:2      | Found a radiant altar of Vehumet.
  2116 | D:2      | Found a shattered altar of Ashenzari.
  2156 | D:2      | Found an ancient bone altar of Kikubaaqudgha.
  2209 | D:2      | Reached skill level 7 in Stealth
  2209 | D:2      | Reached XP level 5. HP: 34/34 MP: 8/8
  3621 | D:4      | Found Ifivub's Distillery.
  3629 | D:4      | Reached XP level 6. HP: 24/39 MP: 9/9
  3631 | D:4      | Bought a potion of curing for 30 gold pieces
  3631 | D:4      | Bought a potion of curing for 30 gold pieces
  3631 | D:4      | Bought a potion of might for 40 gold pieces
  3631 | D:4      | Bought a potion of lignification for 30 gold pieces
  4135 | D:4      | You fall into a shaft and drop 2 floors!
  4142 | D:6      | Noticed Blork the orc
  4207 | D:6      | Reached skill level 8 in Stealth
  4212 | D:6      | Gained mutation: You are agile. (Dex +2) [potion of
                  | mutation]
  4212 | D:6      | Gained mutation: You are partially covered in slimy green
                  | scales. (AC +2) [potion of mutation]
  4212 | D:6      | Gained mutation: You are partially covered in molten
                  | scales. (AC +2) [potion of mutation]
  4212 | D:6      | Gained mutation: One of your tentacles bears a spike.
                  | [potion of mutation]
  4306 | D:6      | Found a glowing drain.
  4326 | D:6      | Reached XP level 7. HP: 44/45 MP: 10/10
  4337 | Sewer    | Entered a sewer
  4431 | Sewer    | Noticed Purgy
  4437 | Sewer    | Killed Purgy
  4570 | Sewer    | Got a fading quarterstaff
  4577 | Sewer    | Identified the cursed +0 quarterstaff "Octopus's Foe"
                  | {flame, MR++ Dex+4} (You found it in a sewer)
  4631 | D:6      | Learned a level 2 spell: Blink
  4634 | D:6      | Learned a level 2 spell: Shroud of Golubria
  4638 | D:6      | Learned a level 3 spell: Teleport Other
  4830 | D:6      | Killed Blork the orc
  4830 | D:6      | Reached skill level 9 in Stealth
  5220 | D:6      | Found a shimmering altar of Xom.
  5271 | D:5      | Entered Level 5 of the Dungeon
  5297 | D:5      | Found a staircase to the Ecumenical Temple.
  5309 | Temple   | Entered the Ecumenical Temple
  5374 | D:5      | Reached XP level 8. HP: 50/50 MP: 11/11
  5727 | D:5      | Reached skill level 5 in Dodging
  5848 | D:5      | Found a hazy altar of Hepliaklqana.
  6151 | D:4      | Reached skill level 5 in Short Blades
  6177 | D:4      | Found a runed translucent gate.
  6178 | D:4      | Found a runed translucent gate.
  6179 | D:4      | Found a runed translucent gate.
  6180 | D:4      | Identified the +8 dagger of Liwnuggo {chaos, rElec rF+ MR+
                  | Int+6}
  6182 | D:4      | Noticed Revguard's ghost (weakling DsGl)
  6239 | D:4      | Found Higarerch's Food Shoppe.
  6824 | D:4      | Reached skill level 10 in Stealth
  7055 | D:4      | Killed Revguard's ghost
  7063 | D:4      | Cast into level 1 of the Abyss (big kobold)
  7090 | Abyss:1  | Noticed a thrashing horror
  7128 | Abyss:2  | Noticed a raiju
  7155 | Abyss:2  | Noticed a thrashing horror
  7169 | Abyss:2  | HP: 2/50 [thrashing horror (10)]
  7174 | Abyss:2  | Slain by a thrashing horror

Illustrated notes

Levels and vault maps discovered:
D:1:      minmay_arrival_semitransparent, layout_basic
D:2:      layout_loops_ring, lemuel_doored_altar, old_standard_altar,
          minitemple, kennysheep_vampire_church, serial_rivers,
          chequers_serial_rivers_micro_c, chequers_serial_rivers_small_b,
          chequers_serial_rivers_micro_d, chequers_serial_rivers_marsh,
          chequers_serial_rivers_micro_a, uniq_jessica, uniq_robin
D:3:      layout_rooms, first_ration, st_stairs_2
D:4:      layout_gridville, serial_shops, shop, shop_statue,
          gammafunk_ghost_nasty_kobolds, minivault_4
D:5:      layout_cave_pods, kennysheep_little_box, minmay_temple_entry_waves
D:6:      layout_loops_ring, kennysheep_mini_moat, gup_sewer_entry_glass,
          uniq_blork_the_orc
Temple:   cyrus_circular_temple
Abyss:2:  base:
D:9

Skill      XL: |  1  2  3  4  5  6  7  8 |
---------------+-------------------------+-----
Stealth        | 2 3 5 7 8 9 10 | 10.3
Dodging        | 3 4 5 |  5.8
Short Blades   | 3 4 5 |  5.6
Fighting       | |  2.0
Throwing       | |  1.0
Spellcasting   | |  2.0
Translocations | |  3.0

Action                   |  1- 3 |  4- 6 |  7- 9 || total
-------------------------+-------+-------+-------++-------
Melee: Short sword       |    49 |    76 |       ||   125
       Constrict         |    12 |    35 |    26 ||    73
       Tentacles         |     5 |    41 |    33 ||    79
       Dagger            |       |    62 |   204 ||   266
       Kick              |       |       |    64 ||    64
  Use: Potion            |       |     4 |     2 ||     6
       Scroll            |       |     5 |     3 ||     8
 Stab: Sleeping          |    10 |     8 |    17 ||    35
       Distracted        |       |     1 |     1 ||     2
  Eat: Chunk             |       |     6 |     6 ||    12
       Ration            |       |     2 |       ||     2
Armor: Skin              |     7 |     6 |    78 ||    91
Dodge: Dodged            |    38 |   110 |   113 ||   261
